 Dungeon Crawl Stone Soup version 0.20.0-15-g7f486f2 (webtiles) character file.

172 anfisbena the Firebug (level 5, -6/28 HPs)
             Began as a Gargoyle Fire Elementalist on June 26, 2017.
             Was an Initiate of Vehumet.
             Killed by divine providence
             ... invoked by an orc priest
              (9 damage)
             ... on level 3 of the Dungeon.
             The game lasted 00:03:33 (2987 turns).

anfisbena the Firebug (Gargoyle Fire Elementalist)  Turns: 2987, Time: 00:03:33

Health: -6/28      AC:  6    Str: 12    XL:     5   Next: 53%
Magic:  8/8        EV: 12    Int: 16    God:    Vehumet [......]
Gold:   141        SH:  0    Dex: 10    Spells: 2/8 levels left

rFire    + . .     SeeInvis .   v - +0 trident
rCold    + . .     Gourm    .   (no shield)
rNeg     + . .     Faith    .   a - +0 robe
rPois    ∞         Spirit   .   (no helmet)
rElec    +         Reflect  .   (no cloak)
rCorr    +         Harm     .   (no gloves)
MR       .....                  (no boots)
Stlth    ++........             (no amulet)
Regen    0.1/turn               (no ring)
MPRegen  0.2/turn               (no ring)

@: resistant
A: negative energy resistance 1, electricity resistance, unbreathing,
petrification resistance, rot immunity, AC +4
a: Renounce Religion


You were on level 3 of the Dungeon.
You worshipped Vehumet.
Vehumet was noncommittal.
You were not hungry.

You visited 1 branch of the dungeon, and saw 3 of its levels.

You collected 141 gold pieces.

Inventory:

Hand Weapons
 v - a +0 trident (weapon)
Armour
 a - a +0 robe (worn)
Jewellery
 h - an uncursed amulet of regeneration {unknown}
Scrolls
 e - a scroll of remove curse {unknown}
 g - a scroll of blinking {unknown}
 i - a scroll of fear {unknown}
 k - a scroll of recharging {unknown}
 m - a scroll of random uselessness {unknown}
 n - 4 scrolls of identify {unknown}
 o - a scroll of amnesia {unknown}
 r - a scroll of enchant weapon {unknown}
 s - a scroll of teleportation {unknown}
 w - a scroll of fog {unknown}
Potions
 f - a potion of resistance
 l - a potion of brilliance {unknown}
 q - a potion of curing {unknown}
 u - a potion of might {unknown}
 x - a potion of haste {unknown}
 z - a potion of magic {unknown}
Books
 b - a book of Flames

   Spells                             Type                      Level
   a - Flame Tongue                   Conjuration/Fire             1
   b - Throw Flame                    Conjuration/Fire             2
   c - Conjure Flame                  Conjuration/Fire             3
   d - Inner Flame                    Hexes/Fire                   3
   e - Sticky Flame                   Conjuration/Fire             4
   f - Fireball                       Conjuration/Fire             5
Comestibles
 c - a bread ration
 d - 2 royal jellies
 j - a meat ration
 p - 5 chunks of flesh
 t - 3 fruits


   Skills:
 - Level 1.5 Dodging
 - Level 2.1 Stealth
 - Level 2.0 Spellcasting
 + Level 3.0 Conjurations
 * Level 5.3 Fire Magic


You had 2 spell levels left.
You knew the following spells:

 Your Spells              Type           Power        Failure   Level  Hunger
a - Flame Tongue          Conj/Fire      ###..        3%          1    #......
b - Throw Flame           Conj/Fire      ###...       5%          2    ###....
c - Conjure Flame         Conj/Fire      ###.....     11%         3    ###....


Dungeon Overview and Level Annotations

Branches:
Dungeon (3/15)

Altars:
Okawaru
Ru
Vehumet


Innate Abilities, Weirdness & Mutations

You are resistant to torment.
Your stone body is resilient. (AC +4)
You are immune to poison.
You resist negative energy. (rN+)
You are resistant to electric shocks. (rElec)
You can survive without breathing.
You are immune to petrification.
You are immune to rotting.


Message History

Things that are here:
a whip; an orc corpse
There are monsters nearby!
There are monsters nearby!
Attack whom?
Press: ? - help, Dir - move target cursor, f - orc wizard
Aim: an orc wizard, wielding a dagger and wearing a robe You reach to attack!
You barely miss the orc wizard.
The orc priest mumbles some strange prayers to Beogh against you.
Beogh smites you!
The orc wizard gestures at you while chanting.
The puff of flame hits you!
The orc priest invokes the aid of Beogh against you.
Beogh smites you!
* * * LOW HITPOINT WARNING * * *
It was a potion of resistance.
You feel protected.
The orc priest mumbles some strange prayers to Beogh against you.
Beogh smites you!
You die...

#.##.##
######.#...####
...............+
#######.#...####
#.##.## #.##.##
#.....#
#####.####
#.@).....#
#o###.##.# #.
#.# # #o #.. #.
#### #. #. ##


You could see an orc priest and an orc wizard.

Vanquished Creatures
  An orc priest (D:2)
  An orc wizard (D:2)
  3 adders (D:2)
  2 worms (D:2)
  2 dart slugs
  6 leopard geckos
  5 orcs
  5 bats
  4 giant cockroaches
  5 goblins
  9 hobgoblins
  11 kobolds
  A quokka (D:3)
  A ball python (D:2)
  9 frilled lizards
  5 rats
70 creatures vanquished.

Notes
Turn   | Place    | Note
-------+----------+-------------------------------------------
     0 | D:1      | anfisbena the Gargoyle Fire Elementalist began the quest for the Orb.
     0 | D:1      | Reached XP level 1. HP: 10/10 MP: 3/3
   143 | D:1      | Reached XP level 2. HP: 15/15 MP: 3/5
   673 | D:1      | Reached XP level 3. HP: 19/19 MP: 2/6
   720 | D:1      | Reached skill level 4 in Fire Magic
  1509 | D:2      | Found a radiant altar of Vehumet.
  1647 | D:2      | Reached XP level 4. HP: 19/24 MP: 0/7
  2367 | D:2      | Found an iron altar of Okawaru.
  2492 | D:2      | Found a sacrificial altar of Ru.
  2728 | D:2      | Learned a level 2 spell: Throw Flame
  2732 | D:2      | Learned a level 3 spell: Conjure Flame
  2737 | D:2      | Became a worshipper of Vehumet
  2778 | D:2      | Reached skill level 5 in Fire Magic
  2778 | D:2      | Reached XP level 5. HP: 28/28 MP: 1/8
  2987 | D:3      | Killed from afar by an orc priest

Skill      XL: |  1  2  3  4  5 |
---------------+----------------+-----
Fire Magic     | 4 5 |  5.3
Conjurations   | 2 3 |  3.0
Dodging        | |  1.5
Stealth        | |  2.1
Spellcasting   | |  2.0

Action                   |  1- 3 |  4- 6 || total
-------------------------+-------+-------++-------
Melee: Unarmed           |    28 |     1 ||    29
       Trident           |       |    83 ||    83
 Cast: Flame Tongue      |    67 |    32 ||    99
  Use: Potion            |       |     1 ||     1
 Stab: Sleeping          |       |     3 ||     3
  Eat: Chunk             |     3 |     5 ||     8
Armor: Robe              |    13 |    35 ||    48
Dodge: Dodged            |    41 |    93 ||   134
